 Dungeon Crawl Stone Soup version 0.22-a0-456-g11ed031 (webtiles) character file.

6888 MisterFreud the Cleaver (level 11, 0/86 HPs)
             Began as a Formicid Fighter on June 7, 2018.
             Was an Elder of Cheibriados.
             Slain by a four-headed hydra (13 damage)
             ... on level 9 of the Dungeon.
             The game lasted 00:21:51 (8353 turns).

MisterFreud the Cleaver (Formicid Fighter)          Turns: 8353, Time: 00:21:52

Health: 0/86       AC: 10    Str: 30    XL:     11   Next: 27%
Magic:  15/15      EV: 10    Int: 24    God:    Cheibriados [****..]
Gold:   474        SH: 13    Dex: 19    Spells: 7/10 levels left

rFire    . . .     SeeInvis +   b - +0 hunting sling (flame)
rCold    . . .     Gourm    .   c - +0 shield
rNeg     . . .     Faith    .   q - +0 scale mail
rPois    +         Spirit   .   (helmet unavailable)
rElec    .         Reflect  .   E - +2 cloak
rCorr    .         Harm     .   (no gloves)
MR       +....                  (no boots)
Stlth    ..........             F - amulet of regeneration
HPRegen  0.64/turn              l - ring of poison resistance
MPRegen  0.14/turn              g - +4 ring of intelligence

@: very slow
A: permanent stasis, dig shafts and tunnels, four strong arms, antennae 3
a: Dig, Shaft Self, Bend Time, Temporal Distortion, Slouch, Renounce Religion


You were on level 9 of the Dungeon.
You worshipped Cheibriados.
Cheibriados was greatly pleased with you.
You were not hungry.

You visited 1 branch of the dungeon, and saw 9 of its levels.

You collected 474 gold pieces.

Inventory:

Hand Weapons
 a - a +0 war axe
 b - a +0 hunting sling of flaming (weapon)
Missiles
 d - 32 sling bullets (quivered)
 r - 326 stones
Armour
 c - a +0 shield (worn)
 q - a +0 scale mail (worn)
 E - a +2 cloak (worn)
Jewellery
 g - a +4 ring of intelligence (right hand)
 l - a ring of poison resistance (left hand)
 F - an amulet of regeneration (around neck)
 I - an uncursed ring of magical power
Wands
 w - a wand of acid (7)
 D - a wand of iceblast (9)
Scrolls
 e - 2 scrolls of enchant weapon {unknown}
 i - a scroll of random uselessness {unknown}
 j - 3 scrolls of fog
 k - a scroll of noise {unknown}
 m - 4 scrolls of identify
 n - a scroll of remove curse
 o - 2 scrolls of fear {unknown}
 t - 2 scrolls of enchant armour {unknown}
 v - a scroll of vulnerability {unknown}
 y - 2 scrolls of amnesia {unknown}
 H - a scroll of summoning {unknown}
Potions
 h - 3 potions of curing
 p - a potion of haste {unknown}
 s - 3 potions of flight
 u - 2 potions of lignification {unknown}
 x - a potion of heal wounds
 z - 2 potions of mutation {unknown}
 B - 3 potions of brilliance
 C - a potion of berserk rage {unknown}
 G - a potion of magic {unknown}
Comestibles
 f - 23 rations
 A - 5 chunks of flesh


   Skills:
 - Level 8.2 Fighting
 - Level 10.0 Axes
 - Level 3.2 Armour
 - Level 10.0 Shields
 - Level 6.4 Hexes
 - Level 4.8 Invocations
 + Level 5.4 Evocations


You had 7 spell levels left.
You knew the following spells:

 Your Spells              Type           Power        Failure   Level  Hunger
a - Spectral Weapon       Hex/Chrm       ###.....     24%         3    ####...

Your spell library contained the following spells:

 Spells                   Type           Power        Failure   Level  Hunger
 Cause Fear               Hex            ####......   22%         4    #####..
 Fireball                 Conj/Fire      #.........   100%        5    ######.
 Conjure Flame            Conj/Fire      #.......     65%         3    ####...
 Slow                     Hex            ####....     3%          2    ###....
 Throw Flame              Conj/Fire      #.....       41%         2    ###....
 Sticky Flame             Conj/Fire      #.......     96%         4    #####..
 Regeneration             Chrm/Necr      #.........   65%         3    ####...
 Flame Tongue             Conj/Fire      #....        30%         1    ##.....
 Corona                   Hex            ####...      2%          1    ##.....
 Portal Projectile        Hex/Tloc       ###...       24%         3    ####...
 Leda's Liquefaction      Hex/Erth       ###.......   63%         4    #####..
 Shroud of Golubria       Chrm/Tloc      #.........   41%         2    ###....
 Inner Flame              Hex/Fire       ###.....     24%         3    ####...
 Infusion                 Chrm           #...         30%         1    ##.....
 Song of Slaying          Chrm           #.......     41%         2    ###....


Dungeon Overview and Level Annotations

Branches:
Dungeon (9/15)             Temple (0/1) D:6            Lair (0/6) D:8
    Orc: D:9-12

Altars:
Ashenzari
Cheibriados
Dithmenos
Fedhas
Gozag
Hepliaklqana
Makhleb
Nemelex Xobeh
Ru
Sif Muna
Uskayaw
Xom
Yredelemnul

Shops:
D:8 *


Innate Abilities, Weirdness & Mutations

You cannot be hasted, slowed, berserked, paralysed or teleported.
You can dig through walls and to a lower floor.
Your four strong arms can wield two-handed weapons with a shield.
You have a pair of large antennae on your head. (SInv)


Message History

The four-headed hydra bites you!
You block the four-headed hydra's attack.
The four-headed hydra bites you. You block the big kobold's attack.
Firing (i - inventory. (/) - cycle)
d - 33 sling bullets (quivered)
Press: ? - help, Shift-Dir - straight line, f/p - four-headed hydra
Aim: a four-headed hydra (almost dead)
You shoot a sling bullet.
The sling bullet hits the four-headed hydra but does no damage.
The four-headed hydra is almost dead.
The four-headed hydra bites you!
* * * LOW HITPOINT WARNING * * *
You block the four-headed hydra's attack.
The four-headed hydra bites you but does no damage.
The four-headed hydra bites you.
* * * LOW HITPOINT WARNING * * *
The big kobold hits you.
* * * LOW HITPOINT WARNING * * *
The four-headed hydra bites you but does no damage.
The four-headed hydra bites you!
You die...

#.......## #.........
############ ####.##.##
###.......÷[.## #....##
#.....#####...# #......
##.###)# ####.##### #######
#..# #.# #.≈.≈.≈PP# # #..###.#
#......≈P# ##
#^.....####..)@DP≈≈# #.
#.#......##%%P%K≈≈P# #.
#.#.####.##.....P≈.###### #.
#......#..##''†###'#....######.
##.....#..#.....# )#.##.##.....
#..####..#%%...+ #.##.>......
#........##########.#####.....
#.######......###.#.# ###.#.
##.###########.......# #.#.


You could see a four-headed hydra and a big kobold.

Vanquished Creatures
  A two-headed ogre (D:9)
  The ghost of joej33 the Cleaver, a novice DsBe of Trog (D:8)
  Pikel (D:9)
  A queen bee (shapeshifter) (D:9)
  2 dream sheep (D:9)
  A hippogriff (D:7)
  2 yaks (D:9)
  Eustachio (D:4)
  A hungry ghost (D:9)
  A basilisk (D:8)
  Menkaure (D:7)
  An orc warrior (D:5)
  2 phantoms
  4 porcupines (D:8)
  4 black bears
  3 sky beasts
  4 ogres
  2 ice beasts (D:9)
  A necrophage (D:8)
  An eye of draining (D:9)
  2 centaurs
  3 crocodiles (D:8)
  A big kobold (D:9)
  A bullfrog (D:9)
  A water moccasin zombie (D:8)
  A scorpion (D:7)
  An electric eel (D:6)
  A howler monkey (D:7)
  2 crimson imps
  A centaur skeleton (D:8)
  A jelly (D:5)
  3 orc priests
  5 hounds
  A bullfrog skeleton (D:4)
  Jessica (D:2)
  An iguana (D:8)
  Ijyb (D:3)
  9 orc wizards
  2 worker ants
  A hound zombie (D:5)
  3 hound skeletons
  A worker ant zombie (D:5)
  4 gnolls
  15 adders
  A shadow imp (D:5)
  An ooze (D:4)
  An adder skeleton (D:9)
  2 adder zombies
  3 worms
  2 dart slugs
  5 leopard geckos
  12 orcs
  2 giant cockroaches
  8 goblins
  5 hobgoblins
  3 jackals
  10 kobolds
  3 quokkas
  10 bats
  4 frilled lizards
  A jackal zombie (D:5)
  A quokka skeleton (D:8)
  9 rats
  A fungus (D:8)
181 creatures vanquished.

Vanquished Creatures (others)
  2 slaves (D:9)
  A big kobold (D:9)
  An iguana (D:9)
  A bush (D:8)
  4 plants (D:8)
9 creatures vanquished.

Grand Total: 190 creatures vanquished

Notes
Turn   | Place    | Note
-------+----------+-------------------------------------------
     0 | D:1      | MisterFreud the Formicid Fighter began the quest for the Orb.
     0 | D:1      | Reached XP level 1. HP: 18/18 MP: 1/1
   191 | D:1      | Reached XP level 2. HP: 22/24 MP: 2/2
   581 | D:1      | Reached XP level 3. HP: 27/29 MP: 3/3
   960 | D:2      | Noticed Jessica
  1355 | D:2      | Killed Jessica
  1355 | D:2      | Reached XP level 4. HP: 35/35 MP: 4/4
  1669 | D:1      | Reached XP level 5. HP: 38/41 MP: 5/5
  1704 | D:2      | Reached skill level 5 in Axes
  2120 | D:3      | Found a shimmering altar of Xom.
  2618 | D:3      | Found a snail-covered altar of Cheibriados.
  2627 | D:3      | Became a worshipper of Cheibriados the Contemplative
  2709 | D:3      | Reached XP level 6. HP: 44/47 MP: 6/6
  2765 | D:4      | Noticed an ogre
  2787 | D:4      | Noticed Ijyb
  2835 | D:3      | Killed Ijyb
  3063 | D:3      | Killed an ogre
  3273 | D:4      | Reached XP level 7. HP: 50/52 MP: 7/7
  3367 | D:4      | Found a shattered altar of Ashenzari.
  3586 | D:4      | Noticed Eustachio
  3598 | D:4      | Killed Eustachio
  3657 | D:4      | Found a hazy altar of Hepliaklqana.
  3869 | D:5      | Entered Level 5 of the Dungeon
  3873 | D:5      | Found a blossoming altar of Fedhas.
  4138 | D:5      | Reached * piety under Cheibriados
  4250 | D:5      | Reached XP level 8. HP: 40/58 MP: 8/8
  4901 | D:5      | Found a burning altar of Makhleb.
  5180 | D:6      | Found a staircase to the Ecumenical Temple.
  5291 | D:6      | Reached skill level 10 in Axes
  5301 | D:6      | Reached skill level 1 in Invocations
  5655 | D:6      | Found a sacrificial altar of Ru.
  5703 | D:7      | Reached ** piety under Cheibriados
  5799 | D:7      | Noticed Menkaure
  5808 | D:7      | Killed Menkaure
  5808 | D:7      | Reached XP level 9. HP: 64/64 MP: 10/12
  5859 | D:7      | Learned a level 3 spell: Spectral Weapon
  6142 | D:7      | Found a basalt altar of Yredelemnul.
  6171 | D:7      | Noticed a hippogriff
  6179 | D:7      | Killed a hippogriff
  6179 | D:7      | Reached skill level 5 in Shields
  6587 | D:7      | Found a hide-covered altar of Uskayaw.
  6588 | D:7      | Found a deep blue altar of Sif Muna.
  6596 | D:7      | Found a sacrificial altar of Ru.
  6596 | D:7      | Found a faded altar of an unknown god.
  6601 | D:7      | Found a faded altar of an unknown god.
  6603 | D:7      | Found an opulent altar of Gozag.
  6605 | D:7      | Found a blossoming altar of Fedhas.
  6828 | D:8      | Found a shadowy altar of Dithmenos.
  6871 | D:8      | Found a shadowy altar of Dithmenos.
  6915 | D:8      | Noticed joej33's ghost (novice DsBe)
  6927 | D:8      | Reached *** piety under Cheibriados
  6944 | D:8      | Reached XP level 10. HP: 38/70 MP: 13/13
  6953 | D:8      | Reached skill level 10 in Shields
  7106 | D:7      | Reached skill level 5 in Fighting
  7232 | D:8      | Killed joej33's ghost
  7392 | D:8      | Found a sparkling altar of Nemelex Xobeh.
  7430 | D:8      | Found a staircase to the Lair.
  7612 | D:8      | Found Bareps's General Store.
  7669 | D:9      | Noticed a yaktaur
  7670 | D:9      | a yaktaur changed into a queen bee
  7684 | D:9      | Reached skill level 1 in Hexes
  7806 | D:9      | Noticed a two-headed ogre
  7815 | D:9      | Killed a two-headed ogre
  7839 | D:9      | Reached skill level 5 in Hexes
  7965 | D:9      | Reached skill level 1 in Evocations
  8003 | D:9      | Reached XP level 11. HP: 85/85 MP: 14/14
  8036 | D:9      | Reached **** piety under Cheibriados
  8237 | D:9      | Noticed Pikel
  8248 | D:9      | Killed Pikel
  8306 | D:9      | Reached skill level 5 in Evocations
  8338 | D:9      | Noticed a three-headed hydra
  8353 | D:9      | Slain by a four-headed hydra

Vault maps used:
D:1:      dpeg_arrival_fog
D:2:      first_ration, uniq_jessica
D:3:      cheibriados_altar_1, xom_butterflies, corexii_corridor_pit,
          hangedman_decor_growths
D:4:      evilmike_ruin_ashenzari, lemuel_coloured_pillars_altar,
          hangedman_decor_points, kennysheep_another_room, uniq_eustachio,
          uniq_ijyb
D:5:      makhleb_blood_cavern_becter, basic_altar
D:6:      minmay_temple_entry_large_hall, kennysheep_diamond
D:7:      grunt_temple_overflow_open, chequers_temple_overflow_minitemple,
          lemuel_round_altar, enter_bailey_3, kennysheep_generic_room_15,
          uniq_menkaure
D:8:      kennysheep_mini, kennysheep_mini_moat, minmay_lair_entry_grove,
          basic_altar, serial_shops, shop
D:9:      hangedman_ranch, uniq_pikel

Skill      XL: |  1  2  3  4  5  6  7  8  9 10 11 |
---------------+----------------------------------+-----
Axes           | 3 4 5 6 8 10 | 10.0
Invocations    | 4 |  4.8
Shields        | 9 10 | 10.0
Fighting       | 8 |  8.2
Hexes          | 5 6 |  6.4
Evocations     | 1 5 |  5.4
Armour         | |  3.2

Action                   |  1- 3 |  4- 6 |  7- 9 | 10-12 || total
-------------------------+-------+-------+-------+-------++-------
Melee: War axe           |   103 |   174 |   310 |   232 ||   819
 Fire: Hunting sling     |       |       |     3 |     9 ||    12
 Abil: Dig               |       |       |     3 |     3 ||     6
Evoke: Wand              |       |       |       |     3 ||     3
  Use: Potion            |       |     1 |     4 |     2 ||     7
       Scroll            |       |     1 |     4 |       ||     5
 Stab: Distracted        |       |       |     1 |       ||     1
       Paralysed         |       |       |       |     4 ||     4
  Eat: Chunk             |     1 |     4 |     5 |     3 ||    13
       Ration            |       |     1 |     1 |       ||     2
Armor: Scale mail        |    57 |    59 |    93 |    74 ||   283
Dodge: Dodged            |    43 |    61 |    68 |    61 ||   233
Block: Shield            |    56 |    96 |   153 |   135 ||   440

Table legend:
 A = Spawn XP
 B = Non-spawn XP
 C = Spawn XP percentage of total XP
 D = Spawn monster count
 E = Non-spawn monster count
 F = Spawn count percentage of total count
 G = Total turns spent on level
                    A         B        C        D         E        F      G
               +---------+---------+-------+---------+---------+-------+---------
         Total |       0 |    9841 |   0.0 |       0 |     180 |   0.0 |  8353
               +---------+---------+-------+---------+---------+-------+---------
           D:1 |       0 |      74 |   0.0 |       0 |      31 |   0.0 |  1397
           D:2 |       0 |     127 |   0.0 |       0 |      21 |   0.0 |   630
           D:3 |       0 |     279 |   0.0 |       0 |      17 |   0.0 |  1188
           D:4 |       0 |     367 |   0.0 |       0 |       5 |   0.0 |   870
           D:5 |       0 |     681 |   0.0 |       0 |      22 |   0.0 |   950
           D:6 |       0 |     414 |   0.0 |       0 |      12 |   0.0 |   660
           D:7 |       0 |    1055 |   0.0 |       0 |      21 |   0.0 |  1129
           D:8 |       0 |    2905 |   0.0 |       0 |      24 |   0.0 |   894
           D:9 |       0 |    3939 |   0.0 |       0 |      27 |   0.0 |   635
               +---------+---------+-------+---------+---------+-------+---------
